 Dungeon Crawl Stone Soup version 0.21-a0-178-g0b87683 (webtiles) character file.

89 Tungsten the Digger (level 4, 0/36 HPs)
             Began as a Deep Dwarf Earth Elementalist on Aug 9, 2017.
             Slain by Terence
             ... wielding a +1 flail of venom
              (10 damage)
             ... on level 2 of the Dungeon.
             The game lasted 00:08:03 (1695 turns).

Tungsten the Digger (Deep Dwarf Earth Elementalist) Turns: 1695, Time: 00:08:04

Health: 0/36       AC:  2    Str:  7 (9)  XL:     4   Next: 31%
Magic:  2/6        EV: 13    Int: 16 (19) God:
Gold:   74         SH:  0    Dex: 12 (13) Spells: 1/7 levels left

rFire    . . .     SeeInvis .   a - +3 dagger (elec)
rCold    . . .     Gourm    .   (no shield)
rNeg     . . .     Faith    .   c - +0 robe
rPois    .         Spirit   .   (no helmet)
rElec    .         Reflect  .   (no cloak)
rCorr    .         Harm     .   (no gloves)
MR       .....                  (no boots)
Stlth    ++........             (no amulet)
HPRegen  0.00/turn              (no ring)
MPRegen  0.10/turn              (no ring)

@: lethally poisoned (0 -> 0), non-regenerating
A: damage resistance, heal wounds, clever 1, low mp 1, sense surroundings 1,
weak 1, no regeneration
a: Heal Wounds


You were on level 2 of the Dungeon.
You were not hungry.

You visited 1 branch of the dungeon, and saw 2 of its levels.

You collected 74 gold pieces.


Innate Abilities, Weirdness & Mutations

You are resistant to damage.
You can heal yourself by infusing magical energy.
You passively map a small area around you.
You do not regenerate.
Your mind is acute. (Int +2)
Your magical capacity is low. (-10% MP)
You are weak. (Str -2)


   Skills:
 + Level 3.3 Dodging
 - Level 2.4 Stealth
 + Level 2.4 Spellcasting
 - Level 0.8 Transmutations
 + Level 5.4 Earth Magic


You had one spell level left.
You knew the following spells:

 Your Spells              Type           Power        Failure   Level  Hunger
a - Sandblast             Erth           ###...       2%          1    #......
b - Passwall              Tmut/Erth      ##........   9%          2    ###....
c - Stone Arrow           Conj/Erth      ##....       19%         3    ###....

Inventory:

Hand Weapons
 a - a +3 dagger of electrocution (weapon)
Missiles
 b - 11 stones (quivered)
Armour
 c - a +0 robe (worn)
Scrolls
 f - 2 scrolls of recharging {unknown}
 g - 3 scrolls of remove curse {unknown}
 k - a scroll of enchant armour {unknown}
 l - 2 scrolls of amnesia {unknown}
 m - 2 scrolls of identify {unknown}
Books
 e - a book of Geomancy

   Spells                             Type                      Level
   a - Sandblast                      Earth                        1
   b - Passwall                       Transmutation/Earth          2
   c - Stone Arrow                    Conjuration/Earth            3
   d - Petrify                        Transmutation/Earth          4
   e - Lee's Rapid Deconstruction     Earth                        5
Comestibles
 d - a bread ration
 n - 5 chunks of flesh
 o - a meat ration


Message History

Terence hits you but does no damage.
You are more poisoned.
You feel sick.
You feel sick. The bat barely misses you. The bat hits you but does no damage.
The bat closely misses you. The bat misses you.
You hit the bat. Lightning courses through the bat!
You kill the bat!
Casting: Sandblast
Confirm with . or Enter, or press ? or * to list all spells.
Aiming: Sandblast
Press: ? - help, Shift-Dir - straight line, f/p - Terence
Aim: Terence, wielding a flail of venom and wearing a chain mail (moderately wounded)
The blast of sand hits Terence.
Terence is moderately wounded.
b - 11 stones Terence hits you with a flail of venom!
You die...

#.####..#.......# #.#
#.##....#.##.##.# #.#
#.......# ##.##.# #.#
#.##.#..# #..##†# #.#
#..)....#.#.###.######.#
#.##......#..##.##.....# ,
#####.####.#...........#####
,.. ....#......#####.#######
#.. ,,.. #.......#### #@#
#.##*... #.#.###.# #@# #.b
.... #.#...#.# ##.##
#.##..#. ......#.# #...#
#####....... ..##..#.# #...#
#........... ......#.#
#...####.###.##.##.
........# *#........#
#....#*,
.##...#####........###.#
#.......
.##................# #.#
#.......


You could see Terence.

Vanquished Creatures
  Jessica (D:2)
  2 adders
  9 bats
  2 giant cockroaches
  4 hobgoblins
  6 jackals (D:1)
  A quokka (D:2)
  A ball python (D:1)
  3 frilled lizards
  7 goblins
  4 kobolds
  4 rats
44 creatures vanquished.

Notes
Turn   | Place    | Note
-------+----------+-------------------------------------------
     0 | D:1      | Tungsten the Deep Dwarf Earth Elementalist began the quest for the Orb.
     0 | D:1      | Reached XP level 1. HP: 15/15 MP: 3/3
   343 | D:1      | Reached XP level 2. HP: 20/22 MP: 2/4
   819 | D:1      | Learned a level 2 spell: Passwall
  1092 | D:1      | Reached XP level 3. HP: 24/28 MP: 4/6
  1336 | D:2      | Learned a level 3 spell: Stone Arrow
  1358 | D:2      | Reached skill level 3 in Dodging
  1408 | D:2      | Reached skill level 5 in Earth Magic
  1516 | D:2      | Noticed Jessica
  1517 | D:2      | Killed Jessica
  1517 | D:2      | Reached XP level 4. HP: 26/36 MP: 5/7
  1663 | D:2      | Noticed Terence
  1678 | D:2      | HP: 7/36 [poisoned by Terence]
  1681 | D:2      | HP: 3/36 [Terence/flail of venom (3)]
  1683 | D:2      | Gained mutation: Your magical capacity is low. (-10% MP) [potion of mutation]
  1683 | D:2      | Gained mutation: You are weak. (Str -2) [potion of mutation]
  1683 | D:2      | Gained mutation: Your mind is acute. (Int +2) [potion of mutation]
  1683 | D:2      | HP: 1/36 [poisoned by Terence]
  1695 | D:2      | Slain by Terence

Vault maps used:
D:1:      lemuel_arrival_hallway, minmay_tree_intersection, minmay_fountain_box,
          patterned_corridor
D:2:      uniq_jessica, uniq_terence

Action                   |  1- 3 |  4- 6 || total
-------------------------+-------+-------++-------
Melee: Short sword       |    27 |       ||    27
       Dagger            |       |    13 ||    13
 Cast: Sandblast         |    41 |     9 ||    50
  Use: Potion            |       |     3 ||     3
 Stab: Sleeping          |       |     2 ||     2
  Eat: Chunk             |     3 |       ||     3
Armor: Robe              |    11 |     4 ||    15
Dodge: Dodged            |    43 |    16 ||    59
